 Dungeon Crawl Stone Soup version 0.15-a0-2144-g51de978 (webtiles) character file.

126 AvylaarBelgium the Magician (level 4, -2/24 HPs)
             Began as a Deep Elf Fire Elementalist on July 18, 2014.
             Slain by an orc
             ... wielding a +0 short sword
              (3 damage)
             ... on Level 3 of the Dungeon.
             The game lasted 00:05:51 (1384 turns).

AvylaarBelgium the Magician (DEFE)                  Turns: 1384, Time: 00:05:51

HP  -2/24        AC  5     Str  6      XL: 4   Next: 83%
MP   1/15        EV 13     Int 24      God:
Gold 88          SH  0     Dex 15      Spells:  2 memorised,  8 levels left

rFire  . . .     SeeInvis .     y - +0 trident
rCold  . . .     Clarity  .     a - +0 robe
rNeg   . . .     rCorr    .     (no shield)
rPois  .         rRot     .     (no helmet)
rElec  .         Spirit   .     (no cloak)
SustAb .         Warding  .     h - +1 pair of gloves
rMut   .         Stasis   .     n - +0 pair of boots
Gourm  .                        (no amulet)
MR     .....                    m - +4 ring of intelligence
                                d - ring of wizardry

@: not resistant to hostile enchantments, unstealthy
A: no striking features
a: no special abilities


You were on level 3 of the Dungeon.
You were not hungry.

You visited 1 branch of the dungeon, and saw 3 of its levels.

You collected 88 gold pieces.

Inventory:

Hand weapons
 f - a +0 dagger
 k - a +0 whip
 p - a +0 halberd
 u - a +0 hunting sling
 y - a +0 trident (weapon)
Missiles
 q - 40 poisoned needles
 r - 15 arrows
 v - 13 stones (quivered)
Armour
 a - a +0 robe (worn)
 h - a +1 pair of gloves (worn)
 n - a +0 pair of boots (worn)
 s - a +0 large shield
Comestibles
 c - 2 bread rations
Scrolls
 g - a scroll of fear {unknown}
 i - 2 scrolls of teleportation {unknown}
 o - 2 scrolls of enchant armour {unknown}
 t - a scroll of magic mapping {unknown}
 w - a scroll of noise {unknown}
 x - a scroll of remove curse {unknown}
Jewellery
 d - a ring of wizardry (left hand)
 m - a +4 ring of intelligence (right hand)
Potions
 e - a potion of might {unknown}
 j - 2 potions of haste {unknown}
 l - a potion of mutation {unknown}
Books
 b - a book of Flames

   Spells                             Type                      Level
   *Flame Tongue                      Conjuration/Fire             1
   *Throw Flame                       Conjuration/Fire             2
   Conjure Flame                      Conjuration/Fire             3
   Inner Flame                        Hexes/Fire                   3
   Sticky Flame                       Conjuration/Fire             4
   Fireball                           Conjuration/Fire             5


   Skills:
 - Level 2.7 Dodging
 - Level 2.4 Stealth
 + Level 4.3 Spellcasting
 * Level 3.4 Conjurations
 + Level 4.1 Fire Magic


You had 8 spell levels left.
You knew the following spells:

 Your Spells              Type           Power        Failure   Level  Hunger
a - Flame Tongue          Conj/Fire      ###..        1%          1    None
b - Throw Flame           Conj/Fire      ###...       1%          2    None


Dungeon Overview and Level Annotations

Branches:
Dungeon (3/15)

Altars:


Message History

* * * LOW HITPOINT WARNING * * *
You see here a giant newt corpse.
You see here 13 gold pieces.
The giant gecko bites you.
* * * LOW HITPOINT WARNING * * *
Casting: Flame Tongue
Confirm with . or Enter, or press ? or * to list all spells.
Aiming: Flame Tongue
Press: ? - help, Shift-Dir - straight line, f - giant gecko
Aim: a giant gecko (clinging)
The flame tongue hits the giant gecko.
You kill the giant gecko!
Casting: Flame Tongue
Confirm with . or Enter, or press ? or * to list all spells.
Aiming: Flame Tongue
Press: ? - help, Shift-Dir - straight line, f - orc
Aim: an orc, wielding a short sword and wearing a leather armour The flame tongue hits the orc.
The orc appears unharmed.
The orc hits you with a short sword.
You die...

#######+##
##############.........
#..............###..... .
#.#...#######..###...... ...
####.#...#######..%........
.............'.................
.....#.#.#...#######...##....#.
#.......#.#...########%#........
#.....'...'@o....#......#.##
#.#######.#...######.###.#......
#.......#.#####....#%###.###...#
#######.#.# #.##...$.........#
#.........# #..........####)((
#.#####.##### ####.#.....####.#
##.#.....#.... .....##..%.....#
.............. ...............##
##.#.....#.## ##....#.#......#


You could see an orc.

Vanquished Creatures
  An orc priest (D:3)
  An orc wizard (D:3)
  2 adders
  A gnoll (D:2)
  2 giant geckos
  3 orcs (D:3)
  5 bats
  6 hobgoblins
  4 kobolds
  2 quokkas
  2 giant cockroaches
  2 giant newts
  7 goblins
  4 rats
42 creatures vanquished.

Notes
Turn   | Place    | Note
--------------------------------------------------------------
     0 | D:1      | AvylaarBelgium, the Deep Elf Fire Elementalist, began the quest for the Orb.
     0 | D:1      | Reached XP level 1. HP: 10/10 MP: 5/5
   225 | D:1      | Reached XP level 2. HP: 12/15 MP: 3/8
   769 | D:2      | Learned a level 2 spell: Throw Flame
   782 | D:2      | Reached XP level 3. HP: 5/19 MP: 0/11
  1304 | D:3      | Reached skill level 4 in Spellcasting
  1348 | D:3      | Reached XP level 4. HP: 22/24 MP: 7/15
  1376 | D:3      | HP: 1/24 [giant gecko (2)]
  1384 | D:3      | Slain by an orc

Action                   |  1- 3 |  4- 6 || total
-------------------------+-------+-------++-------
Melee: Unarmed           |     1 |       ||     1
       Whip              |    14 |       ||    14
       Trident           |     3 |     6 ||     9
Throw: Stone             |    26 |     4 ||    30
 Cast: Flame Tongue      |    55 |    12 ||    67
       Throw Flame       |     5 |       ||     5
 Stab: Sleeping          |     1 |       ||     1
  Eat: Chunk             |     1 |       ||     1
